 Dungeon Sprint DCSS version 0.18.1-8-gdd0e5ea (webtiles) character file.

19202 pipel the Fencer (level 12, 0/120 HPs)
             Began as a Demonspawn Berserker on May 21, 2016.
             Was the Champion of Trog.
             Slain by a red ugly thing (13 damage)
             ... in the Dungeon (Sprint IX: "|||||||||||||||||||||||||||||").
             The game lasted 00:12:23 (1579 turns).

pipel the Fencer (Demonspawn Berserker)             Turns: 1579, Time: 00:12:24

Health: 0/120      AC: 23    Str: 24    XL:     12   Next: 34%
Magic:  12/12      EV: 18    Int:  8    God:    Trog [******]
Gold:   23         SH:  0    Dex: 15    Spells: 0 memorised, 11 levels left

rFire  . . .     SeeInvis .     K - +3 triple sword (flame)
rCold  . . .     Gourm    .     U - +3 chain mail
rNeg   . . .     Faith    .     (shield currently unavailable)
rPois  .         Spirit   .     G - +2 hat
rElec  .         Dismiss  .     o - +0 cloak
rCorr  .         Reflect  .     T - +1 pair of gloves {archery}
SustAt .         Harm     .     (no boots)
MR     .....     NoTele   +     (no amulet)
Stlth  ..........               s - +3 ring of strength
                                r - +2 ring of evasion

@: exhausted, slowed, very slow, not resistant to hostile enchantments,
extremely unstealthy
A: hooves 1, rugged brown scales 3, nightstalker 1, spiny 1
a: Berserk, Trog's Hand, Brothers in Arms, Burn Spellbooks, Renounce Religion


You were in the Dungeon.
You worshipped Trog.
Trog was exalted by your worship.
You were near starving.

You visited 1 branch You collected 1910 gold pieces.
You spent 1887 gold pieces at shops.

Inventory:

Hand Weapons
 a - a +2 great sword of draining
 j - a +0 falchion
 A - a +1 scimitar of flaming
 F - a +1 antimagic triple sword
 J - a +4 antimagic demon blade
 K - a +3 triple sword of flaming (weapon)
 L - a +3 antimagic great sword
 M - the +4 triple crossbow of Grontol {penet, rC+}
   (You bought it in a shop in the Dungeon)

   Ammo fired by it will pass through the targets it hits, potentially hitting
   all targets in its path until it reaches maximum range.
   It protects you from cold.
Armour
 b - a +0 animal skin
 o - a +0 cloak (worn)
 p - a +0 helmet
 q - a +2 ring mail
 E - a +0 pair of gloves
 G - a +2 hat (worn)
 H - a +0 plate armour
 I - a -2 chain mail
 T - a +1 pair of gloves of archery (worn)
 U - a +3 chain mail (worn)
Magical Staves
 n - an uncursed staff of energy
Jewellery
 c - an uncursed ring of ice
 r - a +2 ring of evasion (left hand)
 s - a +3 ring of strength (right hand)
 v - the ring "Zemilik" {rC+ Int+2}
   (You found it in the Dungeon)

   [ring of intelligence]

   It affects your intelligence (+2).
   It protects you from cold.
 Q - an uncursed ring of ice
 R - an uncursed ring of fire
 S - an uncursed ring of poison resistance
Wands
 m - a wand of iceblast (7/15)
Scrolls
 i - 3 scrolls of blinking
 l - 3 scrolls of remove curse
 w - a scroll of identify
 x - 4 scrolls of enchant weapon
 y - 3 scrolls of fear
 z - 2 scrolls of fog
 N - 10 scrolls of recharging
 O - a scroll of torment
 P - a scroll of immolation
Potions
 d - 6 potions of curing
 e - 10 potions of heal wounds
 f - 2 potions of haste
 g - 4 potions of magic
 h - a potion of berserk rage
 k - a potion of invisibility
 t - a potion of brilliance
 u - a potion of resistance
 V - a potion of agility
Comestibles
 B - 40 fruits
 C - 12 bread rations
 D - 12 meat rations


   Skills:
 + Level 16.6 Fighting
 + Level 17.3 Long Blades
 + Level 10.7 Armour
 + Level 14.0 Dodging
 - Level 1.0 Stealth


You had 11 spell levels left.
You didn't know any spells.

Dungeon Overview and Level Annotations

Branches:
Dungeon (1/1)

Altars:
Cheibriados
Dithmenos
Elyvilon
Fedhas
Gozag
Kikubaaqudgha
Makhleb
Nemelex Xobeh
Okawaru
Pakellas
Qazlal
Ru
Sif Muna
Trog
Vehumet
Xom
Yredelemnul
Zin
The Shining One
Beogh
Jiyva
Lugonu

Shops:
D ??:(


Innate Abilities, Weirdness & Mutations

You have large cloven feet.
You are completely covered in rugged brown scales (AC +3, +7% HP).
You are slightly more attuned to the shadows.
You are partially covered in sharp spines.


Message History

The ettin hits you with a dire flail of draining!!!
* * * LOW HITPOINT WARNING * * *
You feel drained. The ettin hits you but does no damage.
You take 36 damage, and have 18/120 hp.
MASSIVE DAMAGE!!
You are too injured to fight recklessly!
Unknown command.
You are too injured to fight recklessly!
Unknown command.
You slice the ettin!! You burn the ettin.
You kill the ettin!
Trog accepts your kill.
Your life force feels restored.
You cut the red ugly thing into ribbons!!!
You burn the red ugly thing!
You kick the red ugly thing, but do no damage.
The red ugly thing is almost dead.
The red ugly thing pecks you.
* * * LOW HITPOINT WARNING * * *
You are engulfed in flames!
You die...

▓▓▓▓▓▓▓▓▓▓▓▓▓▓▓▓▓▓▓▓▓▓▓
.........(.[)†.)@uGl...
▓▓▓▓▓▓▓▓▓▓▓▓▓▓▓▓▓▓▓▓▓▓▓▓▓▓▓▓▓▓▓▓▓
.................................
▓▓▓▓▓▓▓▓▓▓▓▓▓▓▓▓▓▓▓▓▓▓▓▓▓▓▓▓▓▓▓▓▓
)))).....).))).∩)∩)∩.∩))...'.....
▓▓▓▓▓▓▓▓▓▓▓▓▓▓▓▓▓▓▓▓▓▓▓▓▓▓▓▓▓▓▓▓▓
..............................)..
▓▓▓▓▓▓▓▓▓▓▓▓▓▓▓▓▓▓▓▓▓▓▓▓▓▓▓▓▓▓▓▓▓
†.........%........)())'..[.[[..'


You could see a great orb of eyes, a red ugly thing and a wyvern.

Vanquished Creatures
  Gastronok (D)
  An ettin (D)
  A yaktaur captain (D)
  2 hydras (D)
  A centaur warrior (D)
  An ice dragon (D)
  An ogre mage (D)
  2 orc high priests (D)
  2 unseen horrors (D)
  An orc knight (D)
  8 orc sorcerers (D)
  A griffon (D)
  Psyche (D)
  4 spiny frogs (D)
  A komodo dragon (D)
  An efreet (D)
  2 giant leeches (D)
  A polar bear (D)
  A tengu conjurer (D)
  A troll (shapeshifter) (D)
  2 blink frogs (D)
  A slime creature (D)
  A yak (D)
  A hog (shapeshifter) (D)
  2 vampire mosquitoes (D)
  A hippogriff (D)
  3 water moccasins (D)
  A porcupine (D)
  11 orc warriors (D)
  A sky beast (D)
  A necrophage (D)
  2 crocodiles (D)
  6 giant frogs (D)
  A scorpion (D)
  An orc priest (D)
  12 orc wizards (D)
  An iguana (D)
  A sheep (D)
  An adder (D)
  A shadow imp (D)
  A giant gecko (D)
  4 orcs (D)
  A bat (D)
  A jackal (D)
  A giant gecko skeleton (D)
  3 rats (D)
96 creatures vanquished.

Vanquished Creatures (others)
  A yak (D)
1 creature vanquished.

Grand Total: 97 creatures vanquished

Notes
Turn   | Place    | Note
--------------------------------------------------------------
     0 | D        | pipel the Demonspawn Berserker began the quest for the Orb.
     0 | D        | Reached XP level 1. HP: 18/18 MP: 1/1
    14 | D        | Reached ** piety under Trog
    14 | D        | Reached skill level 3 in Long Blades
   136 | D        | Noticed a scorpion
   136 | D        | Noticed an orc wizard
   147 | D        | Reached *** piety under Trog
   147 | D        | Gained mutation: You have large cloven feet. [demonic ancestry]
   147 | D        | Reached XP level 2. HP: 26/26 MP: 2/2
   150 | D        | Killed a scorpion
   150 | D        | Reached skill level 5 in Fighting
   150 | D        | Reached skill level 4 in Long Blades
   150 | D        | Reached skill level 1 in Stealth
   150 | D        | Reached XP level 3. HP: 33/33 MP: 3/3
   153 | D        | Reached **** piety under Trog
   153 | D        | Reached skill level 5 in Long Blades
   153 | D        | Gained mutation: You are partially covered in sharp spines. [demonic ancestry]
   153 | D        | Reached XP level 4. HP: 40/40 MP: 4/4
   163 | D        | Found a glowing silver altar of Zin.
   163 | D        | Found a glowing golden altar of the Shining One.
   163 | D        | Found an ancient bone altar of Kikubaaqudgha.
   163 | D        | Found a basalt altar of Yredelemnul.
   163 | D        | Found a shimmering altar of Xom.
   163 | D        | Found a radiant altar of Vehumet.
   164 | D        | Found an iron altar of Okawaru.
   165 | D        | Found a burning altar of Makhleb.
   166 | D        | Found a deep blue altar of Sif Muna.
   167 | D        | Found a bloodstained altar of Trog.
   168 | D        | Found a sparkling altar of Nemelex Xobeh.
   169 | D        | Found a white marble altar of Elyvilon.
   170 | D        | Found a roughly hewn altar of Beogh.
   171 | D        | Found a viscous altar of Jiyva.
   172 | D        | Found a corrupted altar of Lugonu.
   173 | D        | Found a blossoming altar of Fedhas.
   174 | D        | Found a snail-covered altar of Cheibriados.
   175 | D        | Found a shadowy altar of Dithmenos.
   176 | D        | Found a stormy altar of Qazlal.
   177 | D        | Found an opulent altar of Gozag.
   178 | D        | Found a sacrificial altar of Ru.
   179 | D        | Found an oddly glowing altar of Pakellas.
   230 | D        | Noticed a sky beast
   230 | D        | Noticed a necrophage
   230 | D        | Noticed a giant frog
   230 | D        | Noticed a water moccasin
   234 | D        | Killed a sky beast
   234 | D        | Reached skill level 6 in Long Blades
   234 | D        | Reached skill level 5 in Dodging
   234 | D        | Gained mutation: You are partially covered in rugged brown scales (AC +1, +3% HP). [demonic ancestry]
   234 | D        | Reached XP level 5. HP: 49/49 MP: 5/5
   239 | D        | Killed an unseen horror
   239 | D        | Reached skill level 10 in Fighting
   239 | D        | Reached skill level 8 in Long Blades
   239 | D        | Reached XP level 6. HP: 52/61 MP: 6/6
   239 | D        | Gained mutation: You are slightly more attuned to the shadows. [demonic ancestry]
   239 | D        | Reached XP level 7. HP: 57/67 MP: 7/7
   245 | D        | Reached skill level 9 in Long Blades
   248 | D        | Reached ***** piety under Trog
   288 | D        | Noticed an efreet
   288 | D        | Noticed a yak
   288 | D        | Noticed a centaur warrior
   290 | D        | Noticed a slime creature
   290 | D        | Gained mutation: You are mostly covered in rugged brown scales (AC +2, +5% HP). [demonic ancestry]
   290 | D        | Reached XP level 8. HP: 77/77 MP: 8/8
   295 | D        | Killed an efreet
   295 | D        | Reached skill level 5 in Armour
   298 | D        | Killed a centaur warrior
   298 | D        | Reached skill level 10 in Long Blades
   303 | D        | Killed a slime creature
   303 | D        | Reached skill level 10 in Dodging
   409 | D        | Got the ring "Zemilik" {rC+ Int+2}
   619 | D        | Noticed a spiny frog
   619 | D        | Noticed a spiny frog
   622 | D        | Noticed a seven-headed hydra
   623 | D        | Killed a spiny frog
   623 | D        | Received a gift from Trog
   623 | D        | Reached XP level 9. HP: 86/86 MP: 9/9
   625 | D        | Killed a spiny frog
   625 | D        | Reached skill level 11 in Long Blades
   629 | D        | Noticed a spiny frog
   637 | D        | Killed a four-headed hydra
   640 | D        | Killed a spiny frog
   643 | D        | Received a gift from Trog
   652 | D        | Reached XP level 10. HP: 28/96 MP: 10/10
   737 | D        | Reached skill level 12 in Long Blades
   741 | D        | Noticed a five-headed hydra
   752 | D        | Killed a two-headed hydra
   752 | D        | Reached ****** piety under Trog
   752 | D        | Received a gift from Trog
   842 | D        | Noticed a spiny frog
   871 | D        | Killed a spiny frog
   871 | D        | Received a gift from Trog
   871 | D        | Reached skill level 13 in Long Blades
   935 | D        | Noticed Psyche
   942 | D        | Killed Psyche
   993 | D        | Noticed Gastronok
  1005 | D        | Killed Gastronok
  1005 | D        | Received a gift from Trog
  1005 | D        | Reached skill level 14 in Long Blades
  1005 | D        | Gained mutation: You are completely covered in rugged brown scales (AC +3, +7% HP). [demonic ancestry]
  1005 | D        | Reached XP level 11. HP: 72/108 MP: 11/11
  1058 | D        | Received a gift from Trog
  1074 | D        | Noticed an orc high priest
  1077 | D        | Received a gift from Trog
  1079 | D        | Noticed a soul eater
  1079 | D        | Noticed a soul eater
  1083 | D        | Noticed an orc knight
  1093 | D        | Killed an orc high priest
  1102 | D        | Killed an orc knight
  1102 | D        | Reached skill level 15 in Fighting
  1151 | D        | Noticed an orc high priest
  1175 | D        | Received a gift from Trog
  1178 | D        | Killed an orc high priest
  1178 | D        | Reached skill level 15 in Long Blades
  1184 | D        | Reached skill level 10 in Armour
  1196 | D        | Received a gift from Trog
  1242 | D        | Noticed an orc sorcerer
  1242 | D        | Noticed an orc sorcerer
  1242 | D        | Noticed an orc sorcerer
  1244 | D        | Found Leufoned's Magic Scroll Emporium.
  1245 | D        | Noticed an orc sorcerer
  1247 | D        | Killed an orc sorcerer
  1248 | D        | Found Rud Nog's Magic Scroll Shoppe.
  1248 | D        | Noticed a sun demon
  1254 | D        | Killed an orc sorcerer
  1254 | D        | Received a gift from Trog
  1264 | D        | Killed an orc sorcerer
  1266 | D        | Found Luatiq's Book Emporium.
  1266 | D        | Noticed an orc sorcerer
  1271 | D        | Noticed an orc sorcerer
  1271 | D        | Killed an orc sorcerer
  1272 | D        | Found Wurie's Weapon Shoppe.
  1276 | D        | Noticed an orc sorcerer
  1276 | D        | Killed an orc sorcerer
  1276 | D        | Received a gift from Trog
  1283 | D        | Killed an orc sorcerer
  1283 | D        | Reached skill level 16 in Long Blades
  1287 | D        | Killed an orc sorcerer
  1287 | D        | Received a gift from Trog
  1322 | D        | Noticed an orc sorcerer
  1332 | D        | Killed an orc sorcerer
  1332 | D        | Received a gift from Trog
  1344 | D        | Bought the +4 triple crossbow of Grontol {penet, rC+} for 484 gold pieces
  1350 | D        | Bought a scroll of enchant weapon for 97 gold pieces
  1350 | D        | Bought a scroll of recharging for 123 gold pieces
  1350 | D        | Bought a scroll of torment for 97 gold pieces
  1352 | D        | Bought a scroll of recharging for 114 gold pieces
  1352 | D        | Bought a scroll of enchant weapon for 90 gold pieces
  1352 | D        | Bought 3 scrolls of recharging for 342 gold pieces
  1352 | D        | Bought a scroll of immolation for 42 gold pieces
  1352 | D        | Bought a scroll of fear for 42 gold pieces
  1352 | D        | Bought a scroll of recharging for 114 gold pieces
  1352 | D        | Bought 3 scrolls of recharging for 342 gold pieces
  1532 | D        | Noticed an ogre mage
  1532 | D        | Noticed a griffon
  1536 | D        | Killed an ogre mage
  1536 | D        | Reached XP level 12. HP: 118/118 MP: 12/12
  1549 | D        | Noticed a yaktaur captain
  1556 | D        | Received a gift from Trog
  1557 | D        | Noticed an ice dragon
  1561 | D        | Noticed an ettin
  1562 | D        | Killed a yaktaur captain
  1573 | D        | Noticed a great orb of eyes
  1576 | D        | Killed an ice dragon
  1576 | D        | Reached skill level 17 in Long Blades
  1578 | D        | Killed an ettin
  1579 | D        | Slain by a red ugly thing

Skill      XL: |  1  2  3  4  5  6  7  8  9 10 11 12 |
---------------+-------------------------------------+-----
Long Blades    | 3 4 5 6 8 9 10 11 14 16 17 | 17.3
Dodging        | 2 3 4 5 7 8 10 11 12 13 14 | 14.0
Fighting       | 4 5 6 7 10 12 13 14 16 | 16.6
Armour         | 2 3 4 6 7 9 10 | 10.7
Stealth        | 1 |  1.0

Action                   |  1- 3 |  4- 6 |  7- 9 | 10-12 || total
-------------------------+-------+-------+-------+-------++-------
Melee: Falchion          |    36 |    12 |    26 |       ||    74
       Kick              |     2 |     3 |    25 |    91 ||   121
       Scimitar          |       |       |    29 |    70 ||    99
       Great sword       |       |       |       |    97 ||    97
       Demon blade       |       |       |       |    36 ||    36
       Triple sword      |       |       |       |    39 ||    39
Invok: Berserk           |     1 |     1 |     2 |     5 ||     9
       Trog's Hand       |     1 |     1 |     1 |     8 ||    11
  Use: Scroll            |       |       |       |     1 ||     1
       Potion            |       |       |       |     1 ||     1
 Stab: Distracted        |     1 |       |       |       ||     1
  Eat: Chunk             |       |       |     2 |     6 ||     8
       Bread ration      |       |       |       |     1 ||     1
Armor: Animal skin       |    13 |     1 |       |       ||    14
       Ring mail         |       |     4 |     4 |    22 ||    30
       Plate armour      |       |       |       |    12 ||    12
       Chain mail        |       |       |       |    35 ||    35
Dodge: Dodged            |    22 |     2 |    28 |   140 ||   192
